AoeStats
← neelshah38

Arena

506670829Analyzed
3v3 RM · 18d ago on Sep 14, 2026· 17m 21s· 6 players
Game mode
Random Map
Map size
Normal (6 player)
Population
200
Speed
Normal
Resources
Standard
Victory
Conquest
Starting age
Dark Age
Ending age
Imperial Age
RankedLock teamsTeams togetherTeam positionsShared explorationLock speedFull tech treeHidden civsTurbo modeCheats
Victory
Defeat
🇻🇳 Vietnamese · Vietnam
1012
+16
🇮🇳 Spanish · India
965
+18
🇦🇹 Saracens · Austria
934
+19
🇹🇭 Aztecs · Thailand
1107
-22
🇮🇳 Franks · India
1033
-19
🇮🇳 Khmer · India
877
-12
Maverick12
11:25 Feudal Age
16:53 Castle Age
15:02 Horse Collar
16:02 Double-Bit Axe
agnak3
10:36 Feudal Age
14:41 Castle Age
12:56 Double-Bit Axe
13:27 Horse Collar
15:45 Wheelbarrow
16:14 Loom
17:06 Bow Saw
ska_18
10:08 Feudal Age
13:10 Loom
15:32 Castle Age
13:54 Double-Bit Axe
13:50 Horse Collar
18:10 Bow Saw
findsarfaraz
12:22 Feudal Age
11:28 Loom
15:47 Castle Age
14:38 Horse Collar
15:06 Double-Bit Axe
17:35 Husbandry
neelshah38
11:36 Feudal Age
9:53 Loom
15:58 Castle Age
theSy
5:16 Loom
11:13 Feudal Age
14:50 Castle Age
13:55 Double-Bit Axe
Connection lost

Rejoining the realm…

Still unreachable

The connection could not be restored.

Session expired

The server has moved on; the page needs a fresh start.